% Time on Ice - REGINA FALCONS
Lines # - Real PCT - Wanted PCT - Time Play
Normal Forward
1 - 38% - 36% - 15:25
2 - 36% - 34% - 14:52
3 - 22% - 24% - 9:02
4 - 4% - 6% - 1:37
Normal Defense
1 - 38% - 38% - 15:29
2 - 35% - 34% - 14:31
3 - 20% - 18% - 8:09
4 - 7% - 10% - 2:47
PP Forward
1 - 48% - 55% - 4:42
2 - 52% - 45% - 5:10
PP Defense
1 - 50% - 55% - 4:57
2 - 50% - 45% - 4:55
PK Forward
1 - 66% - 55% - 5:41
2 - 34% - 45% - 2:58
PK Defense
1 - 58% - 55% - 5:00
2 - 42% - 45% - 3:39
PK3 Forward
1 - 0% - 55%
2 - 0% - 45%
PK3 Defense
1 - 0% - 55%
2 - 0% - 45%
44 Forward
1 - 0% - 55%
2 - 0% - 45%
44 Defense
1 - 0% - 55%
2 - 0% - 45%
Last Minute Offensive  - 0:33
Last Minute Defensive  - 0:00
Total
Forward - 60:00
Defense - 60:00
% Time on Ice - BANFF WOLVES
Lines # - Real PCT - Wanted PCT - Time Play
Normal Forward
1 - 28% - 31% - 11:37
2 - 29% - 31% - 11:55
3 - 27% - 26% - 11:13
4 - 15% - 12% - 6:11
Normal Defense
1 - 32% - 36% - 13:18
2 - 32% - 31% - 13:01
3 - 32% - 23% - 13:05
4 - 4% - 10% - 1:32
PP Forward
1 - 55% - 55% - 4:47
2 - 45% - 45% - 3:52
PP Defense
1 - 65% - 55% - 5:38
2 - 35% - 45% - 3:01
PK Forward
1 - 59% - 55% - 5:47
2 - 41% - 45% - 4:05
PK Defense
1 - 62% - 55% - 6:05
2 - 38% - 45% - 3:47
PK3 Forward
1 - 0% - 55%
2 - 0% - 45%
PK3 Defense
1 - 0% - 55%
2 - 0% - 45%
44 Forward
1 - 0% - 55%
2 - 0% - 45%
44 Defense
1 - 0% - 55%
2 - 0% - 45%
Last Minute Offensive  - 0:00
Last Minute Defensive  - 0:33
Total
Forward - 60:00
Defense - 60:00
Play-by-Play 1st period 0:01 of 1st period - Jack Eichel wins face-off versus Max Pacioretty in neutral zone. 1:16 of 1st period - Shot by Roope Hintz. 1:16 of 1st period - Shot Misses the Net. 1:22 of 1st period - Shot by Alex Tuch. 1:22 of 1st period - Stopped by Anton Khudobin without a rebound. 1:23 of 1st period - Joel Kellman wins face-off versus Ryan Getzlaf in REGINA FALCONS zone. 1:54 of 1st period - Shot by Ryan Getzlaf. 1:54 of 1st period - Stopped by Ilya Samsonov without a rebound. 1:55 of 1st period - Derick Brassard wins face-off versus Antti Suomela in BANFF WOLVES zone. 2:09 of 1st period - Miles Wood is hit by Brenden Dillon and loses puck. 2:21 of 1st period - Minor Penalty to Mathew Dumba for Hooking. 2:22 of 1st period - Jack Eichel wins face-off versus Ryan Getzlaf in BANFF WOLVES zone. 3:13 of 1st period - Icing by Anton Stralman. 3:14 of 1st period - Ryan Getzlaf wins face-off versus Jason Zucker in REGINA FALCONS zone. 3:14 of 1st period - Ryan Getzlaf is hit by Kevin Connauton. 4:52 of 1st period - Shot by Derick Brassard. 4:52 of 1st period - Stopped by Ilya Samsonov without a rebound. 4:53 of 1st period - Ryan Getzlaf wins face-off versus Joel Kellman in BANFF WOLVES zone. 4:54 of 1st period - Shot by Patrik Laine. 4:54 of 1st period - Shot Misses the Net. 5:13 of 1st period - Minor Penalty to Erik Johnson for Goalie Interference. 5:14 of 1st period - Jack Eichel wins face-off versus Denis Malgin in REGINA FALCONS zone. 5:19 of 1st period - Shot by Nikita Gusev. 5:19 of 1st period - Shot Misses the Net. 5:21 of 1st period - Shot by Brady Tkachuk. 5:21 of 1st period - Deflect By Jack Eichel. 5:21 of 1st period - Shot Misses the Net. 6:14 of 1st period - Shot by Kevin Labanc. 6:14 of 1st period - Stopped by Anton Khudobin with a rebound. 6:16 of 1st period - Shot by Miro Heiskanen. 6:16 of 1st period - Goal by Miro Heiskanen - REGINA FALCONS : 0 - BANFF WOLVES : 1. 6:17 of 1st period - Ryan Getzlaf wins face-off versus Antti Suomela in neutral zone. 6:20 of 1st period - Mike Ferland is hit by Ryan Getzlaf and loses puck. 6:35 of 1st period - Shot by Mike Ferland. 6:35 of 1st period - Deflect By Miles Wood. 6:35 of 1st period - Shot Blocked by Marc-Edouard Vlasic. 6:39 of 1st period - Shot by Mike Ferland. 6:39 of 1st period - Shot Misses the Net. 6:46 of 1st period - Shot by Miles Wood. 6:46 of 1st period - Stopped by Anton Khudobin without a rebound. 6:47 of 1st period - Jack Eichel wins face-off versus Jonathan Miller in REGINA FALCONS zone. 6:57 of 1st period - Icing by Brandon Carlo. 6:58 of 1st period - Max Pacioretty wins face-off versus Roope Hintz in REGINA FALCONS zone. 7:07 of 1st period - Shot by David Pastrnak. 7:07 of 1st period - Stopped by Ilya Samsonov without a rebound. 7:08 of 1st period - Ryan Getzlaf wins face-off versus Jack Eichel in BANFF WOLVES zone. 7:14 of 1st period - Icing by Mathew Dumba. 7:15 of 1st period - Jonathan Audy-Marchessault wins face-off versus Jack Eichel in BANFF WOLVES zone. 7:18 of 1st period - Shot by Patrik Laine. 7:18 of 1st period - Stopped by Ilya Samsonov without a rebound. 7:19 of 1st period - Roope Hintz wins face-off versus Jonathan Audy-Marchessault in BANFF WOLVES zone. 7:19 of 1st period - Roope Hintz is hit by Jonathan Audy-Marchessault. 7:29 of 1st period - Shot by Alex Tuch. 7:29 of 1st period - Stopped by Anton Khudobin with a rebound. 7:31 of 1st period - Shot by Nikita Gusev. 7:31 of 1st period - Shot Misses the Net. 7:33 of 1st period - Shot by Alex Tuch. 7:33 of 1st period - Stopped by Anton Khudobin without a rebound. 7:34 of 1st period - Jonathan Miller wins face-off versus Jack Eichel in REGINA FALCONS zone. 7:53 of 1st period - Shot by Jonathan Miller. 7:53 of 1st period - Shot Misses the Net. 8:01 of 1st period - Brady Tkachuk is hit by Brent Burns and loses puck. 8:16 of 1st period - Jonathan Miller is hit by Brady Tkachuk and loses puck. 10:05 of 1st period - Shot by Corey Perry. 10:05 of 1st period - Shot Misses the Net. 10:20 of 1st period - Icing by Kevin Labanc. 10:21 of 1st period - Jonathan Miller wins face-off versus Joel Kellman in BANFF WOLVES zone. 10:28 of 1st period - Shot by David Pastrnak. 10:28 of 1st period - Stopped by Ilya Samsonov without a rebound. 10:29 of 1st period - Jack Eichel wins face-off versus Jonathan Miller in BANFF WOLVES zone. 10:29 of 1st period - Jack Eichel is hit by Max Pacioretty. 10:47 of 1st period - Shot by Brady Tkachuk. 10:47 of 1st period - Shot Misses the Net. 10:55 of 1st period - Miro Heiskanen is hit by Max Pacioretty and loses puck. 12:03 of 1st period - Alex Tuch is hit by Brandon Carlo and loses puck. 12:09 of 1st period - Brent Burns is hit by Roope Hintz. 12:32 of 1st period - Icing by Trevor van Riemsdyk. 12:33 of 1st period - Roope Hintz wins face-off versus Denis Malgin in BANFF WOLVES zone. 12:33 of 1st period - Minor Penalty to Matt Martin for High sticking. 12:34 of 1st period - Joel Kellman wins face-off versus Denis Malgin in REGINA FALCONS zone. 13:16 of 1st period - Erik Johnson is hit by Joel Kellman and loses puck. 14:37 of 1st period - Taylor Fedun is hit by David Pastrnak and loses puck. 14:47 of 1st period - Miles Wood is hit by Brent Burns and loses puck. 15:04 of 1st period - Shot by Jonathan Miller. 15:04 of 1st period - Stopped by Ilya Samsonov without a rebound. 15:05 of 1st period - Derick Brassard wins face-off versus Jack Eichel in BANFF WOLVES zone. 15:15 of 1st period - Minor Penalty to Jamie Oleksiak for Tripping. 15:16 of 1st period - Ryan Getzlaf wins face-off versus Jack Eichel in BANFF WOLVES zone. 15:25 of 1st period - Shot by Ryan Getzlaf. 15:25 of 1st period - Stopped by Ilya Samsonov with a rebound. 15:27 of 1st period - Shot by Ryan Getzlaf. 15:27 of 1st period - Deflect By Patrik Laine. 15:27 of 1st period - Shot Misses the Net. 15:29 of 1st period - Shot by Brent Burns. 15:29 of 1st period - Stopped by Ilya Samsonov without a rebound. 15:30 of 1st period - Jack Eichel wins face-off versus Jonathan Miller in BANFF WOLVES zone. 15:44 of 1st period - Off-side. 15:45 of 1st period - Ryan Getzlaf wins face-off versus Jack Eichel in neutral zone. 15:47 of 1st period - Brent Burns is hit by Brady Tkachuk and loses puck. 15:54 of 1st period - Shot by Patrik Laine. 15:54 of 1st period - Shot Misses the Net. 15:56 of 1st period - Shot by Ryan Getzlaf. 15:56 of 1st period - Shot Blocked by Jack Eichel. 15:58 of 1st period - Shot by Brent Burns. 15:58 of 1st period - Shot Blocked by Jack Eichel. 16:00 of 1st period - Shot by Brent Burns. 16:00 of 1st period - Stopped by Ilya Samsonov without a rebound. 16:01 of 1st period - Jonathan Miller wins face-off versus Jack Eichel in BANFF WOLVES zone. 16:17 of 1st period - David Pastrnak is hit by Mathew Dumba and loses puck. 16:30 of 1st period - Shot by Jonathan Miller. 16:30 of 1st period - Shot Blocked by Jack Eichel. 16:32 of 1st period - Shot by Erik Johnson. 16:32 of 1st period - Shot Blocked by Mathew Dumba. 16:36 of 1st period - Shot by David Pastrnak. 16:36 of 1st period - Stopped by Ilya Samsonov without a rebound. 16:37 of 1st period - Ryan Getzlaf wins face-off versus Jason Zucker in BANFF WOLVES zone. 16:42 of 1st period - Shot by Patrik Laine. 16:42 of 1st period - Stopped by Ilya Samsonov without a rebound. 16:43 of 1st period - Ryan Getzlaf wins face-off versus Jason Zucker in BANFF WOLVES zone. 16:44 of 1st period - Shot by Brent Burns. 16:44 of 1st period - Stopped by Ilya Samsonov without a rebound. 16:45 of 1st period - Jonathan Miller wins face-off versus Jason Zucker in BANFF WOLVES zone. 17:59 of 1st period - Icing by Mathew Dumba. 18:00 of 1st period - Derick Brassard wins face-off versus Kevin Labanc in BANFF WOLVES zone. 18:17 of 1st period - Brent Burns is hit by Joel Kellman and loses puck. 18:47 of 1st period - Off-side. 18:48 of 1st period - Jonathan Miller wins face-off versus Roope Hintz in neutral zone. 18:52 of 1st period - Jonathan Miller is hit by Jamie Oleksiak and loses puck. 18:59 of 1st period - Shot by Max Pacioretty. 18:59 of 1st period - Goal by Max Pacioretty - REGINA FALCONS : 1 - BANFF WOLVES : 1. 19:00 of 1st period - Jack Eichel wins face-off versus Jonathan Audy-Marchessault in neutral zone. 19:26 of 1st period - Shot by Jason Zucker. 19:26 of 1st period - Shot Misses the Net. 19:34 of 1st period - Shot by Patrik Laine. 19:34 of 1st period - Stopped by Ilya Samsonov without a rebound. 19:35 of 1st period - Roope Hintz wins face-off versus Jonathan Miller in BANFF WOLVES zone. 19:58 of 1st period - Shot by Max Pacioretty. 19:58 of 1st period - Stopped by Ilya Samsonov without a rebound. 19:59 of 1st period - Derick Brassard wins face-off versus Antti Suomela in BANFF WOLVES zone. Goals for this period are 1 for REGINA FALCONS vs 1 for BANFF WOLVES. Shots for this period are 15 for REGINA FALCONS vs 6 for BANFF WOLVES. 2nd period 0:01 of 2nd period - Jonathan Miller wins face-off versus Alex Tuch in neutral zone. 0:04 of 2nd period - Mathew Dumba is hit by David Pastrnak and loses puck. 0:23 of 2nd period - Shot by David Pastrnak. 0:23 of 2nd period - Shot Misses the Net. 0:40 of 2nd period - Off-side. 0:41 of 2nd period - Derick Brassard wins face-off versus Brady Tkachuk in neutral zone. 0:44 of 2nd period - Shot by Brent Burns. 0:44 of 2nd period - Stopped by Ilya Samsonov with a rebound. 1:04 of 2nd period - Shot by Filip Zadina. 1:04 of 2nd period - Shot Misses the Net. 1:18 of 2nd period - Shot by Derick Brassard. 1:18 of 2nd period - Stopped by Ilya Samsonov without a rebound. 1:19 of 2nd period - Ryan Getzlaf wins face-off versus Kevin Labanc in BANFF WOLVES zone. 1:36 of 2nd period - Shot by Ryan Getzlaf. 1:36 of 2nd period - Stopped by Ilya Samsonov with a rebound. 2:20 of 2nd period - Shot by Max Pacioretty. 2:20 of 2nd period - Stopped by Ilya Samsonov without a rebound. 2:21 of 2nd period - Roope Hintz wins face-off versus Jonathan Miller in BANFF WOLVES zone. 2:39 of 2nd period - Shot by Alex Tuch. 2:39 of 2nd period - Stopped by Anton Khudobin without a rebound. 2:40 of 2nd period - Derick Brassard wins face-off versus Jack Eichel in REGINA FALCONS zone. 2:48 of 2nd period - Icing by Trevor van Riemsdyk. 2:49 of 2nd period - Jonathan Miller wins face-off versus Jack Eichel in BANFF WOLVES zone. 2:52 of 2nd period - Shot by David Pastrnak. 2:52 of 2nd period - Shot Misses the Net. 3:59 of 2nd period - Shot by Patrik Laine. 3:59 of 2nd period - Stopped by Ilya Samsonov without a rebound. 4:00 of 2nd period - Derick Brassard wins face-off versus Joel Kellman in BANFF WOLVES zone. 4:05 of 2nd period - Shot by Filip Zadina. 4:05 of 2nd period - Shot Misses the Net. 4:07 of 2nd period - Shot by Brenden Dillon. 4:07 of 2nd period - Stopped by Ilya Samsonov without a rebound. 4:08 of 2nd period - Ryan Getzlaf wins face-off versus Joel Kellman in BANFF WOLVES zone. 4:08 of 2nd period - Ryan Getzlaf is hit by Mathew Dumba. 4:26 of 2nd period - Shot by Patrik Laine. 4:26 of 2nd period - Shot Misses the Net. 4:32 of 2nd period - Shot by Jonathan Audy-Marchessault. 4:32 of 2nd period - Deflect By Patrik Laine. 4:32 of 2nd period - Stopped by Ilya Samsonov without a rebound. 4:33 of 2nd period - Derick Brassard wins face-off versus Roope Hintz in BANFF WOLVES zone. 4:50 of 2nd period - Shot by Alex Tuch. 4:50 of 2nd period - Stopped by Anton Khudobin without a rebound. 4:51 of 2nd period - Jonathan Miller wins face-off versus Jack Eichel in REGINA FALCONS zone. 4:59 of 2nd period - David Pastrnak is hit by Mathew Dumba and loses puck. 5:20 of 2nd period - Shot by David Pastrnak. 5:20 of 2nd period - Stopped by Ilya Samsonov with a rebound. 5:29 of 2nd period - Icing by Mathew Dumba. 5:30 of 2nd period - Ryan Getzlaf wins face-off versus Brady Tkachuk in BANFF WOLVES zone. 5:33 of 2nd period - Shot by Patrik Laine. 5:33 of 2nd period - Shot Misses the Net. 5:55 of 2nd period - Shot by Patrik Laine. 5:55 of 2nd period - Stopped by Ilya Samsonov without a rebound. 5:56 of 2nd period - Roope Hintz wins face-off versus Derick Brassard in BANFF WOLVES zone. 7:10 of 2nd period - Off-side. 7:11 of 2nd period - Jack Eichel wins face-off versus Jonathan Miller in neutral zone. 7:16 of 2nd period - Shot by Brady Tkachuk. 7:16 of 2nd period - Shot Blocked by Erik Johnson. 7:19 of 2nd period - Icing by Erik Johnson. 7:20 of 2nd period - Jack Eichel wins face-off versus David Pastrnak in REGINA FALCONS zone. 7:20 of 2nd period - Jack Eichel is hit by Anton Stralman. 7:32 of 2nd period - Shot by Brady Tkachuk. 7:32 of 2nd period - Stopped by Anton Khudobin without a rebound. 7:33 of 2nd period - Roope Hintz wins face-off versus Patrik Laine in REGINA FALCONS zone. 7:48 of 2nd period - Shot by Patrik Laine. 7:48 of 2nd period - Shot Misses the Net. 8:19 of 2nd period - Icing by Kevin Connauton. 8:20 of 2nd period - Jonathan Miller wins face-off versus Roope Hintz in BANFF WOLVES zone. 8:45 of 2nd period - Shot by Max Pacioretty. 8: